 Dungeon Crawl Stone Soup version 0.28-a0-535-g6f645e4c1d (webtiles) character file.

Game seed: 14201668279383207113

141 bande the Covered (level 5, -5/33 HPs)
             Began as a Gargoyle Fighter on Sept 26, 2021.
             Killed by divine providence
             ... invoked by an orc priest
              (12 damage)
             ... on level 3 of the Dungeon.
             The game lasted 00:03:04 (1730 turns).

bande the Covered (Gargoyle Fighter)                Turns: 1730, Time: 00:03:05

Health: -5/33      AC: 17    Str: 20    XL:     5   Next: 24%
Magic:  5/5        EV:  6    Int:  9    God:
Gold:   88         SH:  4    Dex:  9    Spells: 4/4 levels left

rFire   . . .      SeeInvis .   a - +0 war axe
rCold   . . .      Faith    .   c - +0 buckler
rNeg    + . .      Spirit   .   h - +0 plate armour
rPois   ∞          Reflect  .   (no helmet)
rElec   +          Harm     .   (no cloak)
rCorr   .          Rampage  .   (no gloves)
Will    .....                   g - +0 pair of boots
Stlth   ..........              (no amulet)
HPRegen 0.11/turn               (no ring)
MPRegen 0.09/turn               (no ring)

@: no status effects
A: sickness immunity, AC +4, negative energy resistance 1, electricity
resistance, torment resistance 1, petrification resistance
a: no special abilities


You were on level 3 of the Dungeon.
You visited 1 branch of the dungeon, and saw 3 of its levels.

You collected 88 gold pieces.

Inventory:

Hand Weapons
 a - a +0 war axe (weapon)
Armour
 c - a +0 buckler (worn)
 g - a +0 pair of boots (worn)
 h - a +0 plate armour (worn)
Jewellery
 k - a ring of wizardry
Wands
 l - a wand of iceblast (11)
Scrolls
 b - a scroll of teleportation
Potions
 d - a potion of might
 e - a potion of invisibility {unknown}
 f - a potion of degeneration {unknown}
 i - 2 potions of flight {unknown}
 j - a potion of curing {unknown}


   Skills:
 + Level 4.0 Fighting
 + Level 3.4 Axes
 + Level 4.1 Armour
 + Level 3.6 Shields
 * Level 0.6 Evocations


You had 4 spell levels left.
You didn't know any spells.
Your spell library was empty.

Dungeon Overview and Level Annotations

Branches:
Dungeon (3/15)

Altars:
Makhleb
Vehumet


Innate Abilities, Weirdness & Mutations

You are immune to sickness and miasma.
Your stone body is resilient. (AC +4)
You are immune to poison.
You resist negative energy. (rN+)
You are resistant to electric shocks. (rElec)
You are resistant to unholy torment.
You are immune to petrification.


Message History

a +0 flail; a +0 scale mail The orc priest mumbles some strange prayers to Beogh against you.
Pain shoots through your body!
You hit the orc priest.
The orc priest is moderately wounded.
You barely miss the orc.
The orc priest hits you with a +0 hand axe.
The orc barely misses you. The orc priest closely misses you.
You hit the orc priest.
The orc priest is severely wounded.
You hit the orc priest. You hit the orc but do no damage.
You block the orc's attack.
The orc priest hits you but does no damage.
The orc priest looks encouraged for a moment.
The orc completely misses you.
The orc priest hits you with a +0 war axe.
You closely miss the orc priest.
The orc priest is severely wounded.
You closely miss the orc priest. You closely miss the orc.
The orc priest hits you but does no damage.
The orc hits you but does no damage.
The orc priest calls down the wrath of Beogh upon you.
Pain shoots through your body!
You closely miss the orc priest.
The orc priest is severely wounded.
Your shield and plate armour prevent you from hitting the orc.
You completely miss the orc priest.
The orc priest mumbles some strange prayers to Beogh against you.
You barely resist. The orc hits you but does no damage.
The orc priest hits you with a +0 war axe.
The orc priest hits you but does no damage.
You hit the orc priest.
You kill the orc priest!
You barely miss the orc priest. You hit the orc but do no damage.
The orc priest hits you with a +0 war axe!
* * * LOW HITPOINT WARNING * * *
The orc hits you but does no damage. You block the orc's attack.
The orc priest invokes the aid of Beogh against you.
Beogh smites you!
You die...

#
#################.#
#..........#......#
#..........oo...#
#.........)@g.#
#..........####
#####..........#
....#......[.(.# #
#.............#
###........######
##.......†.......
##..........##.##
##.......)......


You could see an orc priest, an orc and a hobgoblin.

Vanquished Creatures
  A crimson imp (D:3)
  An orc priest (D:3)
  5 adders
  2 worms (D:2)
  A dart slug (D:1)
  An orc (D:3)
  5 ball pythons
  5 bats
  An endoplasm (D:1)
  2 giant cockroaches
  5 goblins
  3 hobgoblins
  2 jackals (D:2)
  6 kobolds
  3 quokkas
  8 frilled lizards
  5 rats (D:1)
56 creatures vanquished.

Vanquished Creatures (others)
  4 plants (D:2)
4 creatures vanquished.

Grand Total: 60 creatures vanquished

Notes
Turn   | Place    | Note
-------+----------+-------------------------------------------
     0 | D:1      | bande the Gargoyle Fighter began the quest for the Orb.
     0 | D:1      | Reached XP level 1. HP: 14/14 MP: 1/1
    83 | D:1      | Reached XP level 2. HP: 11/19 MP: 2/2
   452 | D:1      | Reached XP level 3. HP: 23/23 MP: 3/3
   844 | D:2      | Reached XP level 4. HP: 28/29 MP: 4/4
   958 | D:2      | Found a faded altar of an unknown god.
  1547 | D:3      | Found a radiant altar of Vehumet.
  1548 | D:3      | Found a burning altar of Makhleb.
  1552 | D:3      | Reached XP level 5. HP: 33/33 MP: 5/5
  1730 | D:3      | Killed from afar by an orc priest

Illustrated notes

Levels and vault maps discovered:
D:1:      dpeg_arrival_rooms_with_view, layout_rooms
D:2:      layout_loops_cross, shapermc_ecumenical_altar_hornbeckon,
          hangedman_abyss_or_decor_lesser_grid
D:3:      layout_rooms, grunt_temple_overflow_lords_of_destruction

Skill      XL: |  1  2  3  4 |
---------------+-------------+-----
Axes           | 2 3 |  3.4
Armour         | 4 |  4.1
Fighting       | 4 |  4.0
Shields        | |  3.6
Evocations     | |  0.6

Action                   |  1- 3 |  4- 6 || total
-------------------------+-------+-------++-------
Melee: War axe           |    77 |    97 ||   174
  Use: Scroll            |     1 |     3 ||     4
Armor: Scale mail        |    44 |     1 ||    45
       Plate armour      |       |    85 ||    85
Dodge: Dodged            |    48 |    39 ||    87
Block: Buckler           |    22 |    32 ||    54

Table legend: (Time is in decaauts)
 A = Elapsed time spent in this place.
 B = Non-inter-level travel time spent in this place.
 C = Inter-level travel time spent in this place.
 D = Time resting spent in this place.
 E = Time spent auto-exploring this place.
 F = Levels seen in this place.
 G = Mean time per level.
                   A        B        C        D        E       F      G
               +--------+--------+--------+--------+--------+-----+--------+
         Total |   1798 |   1789 |      9 |      0 |   1278 |   3 |  599.3 |
       Dungeon |   1798 |   1789 |      9 |      0 |   1278 |   3 |  599.3 |
               +--------+--------+--------+--------+--------+-----+--------+

Top non-repeatable levels by time:
     D:2: 851 daAuts
     D:1: 697 daAuts
     D:3: 249 daAuts
